Cogmind - Beta 10 --- EXPLORER MODE // 2020.09.19 @ 03:38:24 Player: Najkers Result: Self-destructed Performance ------------- Evolutions (9) 4500 Regions Visited (16) 3200 Robots Destroyed (518) 2590 Value Destroyed (24150) 24150 Prototype IDs (42) 840 Alien Tech Used (0) 0 Bonus (3103) 3103 TOTAL SCORE: 38383 Bonus ------- High Alert Combat Kills 2422 Follower Combat Kills 600 Entered Garrisons 200 Friendly Fire -119 Cogmind --------- Core Integrity 1302/1600 Matter 276/300 Energy 43/530 System Corruption 18% Temperature Cool (-108) Movement Treading (176) Ox1 Location -1/Access Parts ------- > --- POWER (3) -------- Cold Fusion Reactor Light Particle Reactor Quantum Reactor > --- PROPULSION (6) --- Medium Treads Medium Treads Centrium Heavy Treads Biometal Heavy Treads > --- UTILITY (11) ----- Advanced Cryofiber Web Experimental Cooling System Large Storage Unit High-capacity Storage Unit High-capacity Storage Unit Advanced Target Analyzer Advanced Core Analyzer Matter Filter Centrium Heavy Armor Plating Improved Remote Force Field > --- WEAPON (6) ------- Phase Gun Gauss Rifle Gauss Rifle Linear Accelerator Linear Accelerator Linear Accelerator > --- INVENTORY (26) --- Light Particle Reactor Armored Medium Treads Armored Medium Treads Advanced Myomer Leg Advanced Myomer Leg Large Storage Unit Energy Well (500) Matter Compressor (223) Recoil Nullifier Centrium Heavy Armor Plating Centrium Heavy Armor Plating Improved Component Analysis Suite Quantum Rifle Compact Tesla Bomb Launcher Advanced Datajack Advanced Datajack Peak State ------------ > --- POWER ------------ Quantum Reactor Quantum Reactor Quantum Reactor > --- PROPULSION ------- Advanced Medium Treads Biometal Medium Treads Centrium Heavy Treads Centrium Heavy Treads > --- UTILITY ---------- Experimental Cooling System Large Storage Unit High-capacity Storage Unit High-capacity Storage Unit Matter Compressor Advanced Targeting Computer Advanced Target Analyzer Advanced Core Analyzer Centrium Heavy Armor Plating Advanced Force Field > --- WEAPON ----------- KE Penetrator Antimatter Cannon Antimatter Cannon Hardcell Cannon Linear Accelerator Linear Accelerator > --- INVENTORY -------- Cold Fusion Reactor Quantum Reactor Medium Treads Medium Treads Armored Medium Treads Armored Medium Treads Advanced Cryofiber Web Experimental Cooling System Energy Well Recoil Nullifier Energy Filter Centrium Heavy Armor Plating Centrium Heavy Armor Plating Centrium Heavy Armor Plating Improved Remote Force Field Improved Component Analysis Suite Improved System Backup Module Field Recycling Unit Linear Accelerator Linear Accelerator Compact Tesla Bomb Launcher [Rating: 195] Favorites ----------- Power Cold Fusion Reactor Engine Heavy Ion Engine Power Core Reinforced Fission Core Reactor Cold Fusion Reactor Propulsion Improved Medium Treads Treads Improved Medium Treads Leg Aluminum Leg Wheel Wheel Hover Unit Airjet Flight Unit Improved Flight Unit Utility High-capacity Storage Unit Device Improved Cooling System Storage High-capacity Storage Unit Processor Advanced Targeting Computer Protection Hardened Medium Armor Plating Weapon KE Penetrator Energy Gun Heavy Particle Gun Energy Cannon Improved EM Pulse Cannon Ballistic Gun KE Penetrator Ballistic Cannon Hypervelocity Gauss Cannon Launcher Compact Tesla Bomb Launcher Build | -11 -10 -9 -8 -8 -7 -6 -6 -5 -4 -4 -4 -4 -4 -3 -2 -1 ------- Run | Scr Mat Mat Mat Sto Fac Fac Gar Fac Fac Ext Cet Arc Hub Res Res Acc Slots Evolved 19 | . 1 2 2 . 2 2 . 2 2 . . . . 2 2 2 Power 2 | . . 1 . . . . . 1 . . . . . . . . Propulsion 4 | . . . 1 . . 1 . . . . . . . . 2 . Utility 9 | . 1 . 1 . 1 1 . 1 1 . . . . 1 . 2 Weapon 4 | . . 1 . . 1 . . . 1 . . . . 1 . . Parts Attached 340 | 11 20 31 3 29 18 49 24 19 15 16 13 . 1 10 20 61 Power 34 | 1 2 5 1 3 . 7 1 2 1 1 1 . . . 3 6 Engine 21 | 1 2 5 1 3 . 6 1 1 1 . . . . . . . Core 1 | . . . . . . . . . . 1 . . . . . . Reactor 12 | . . . . . . 1 . 1 . . 1 . . . 3 6 Propulsion 60 | 5 4 5 1 8 4 11 3 1 3 2 2 . . . 2 9 Treads 46 | . 2 . . 8 4 10 3 1 3 2 2 . . . 2 9 Leg 3 | 2 . . . . . 1 . . . . . . . . . . Wheel 5 | 3 2 . . . . . . . . . . . . . . . Hover 5 | . . 4 1 . . . . . . . . . . . . . Flight 1 | . . 1 . . . . . . . . . . . . . . Utility 132 | 3 8 10 1 7 7 14 7 11 8 6 6 . . 9 11 24 Device 57 | . 2 . . . 3 9 1 5 4 4 3 . . 4 8 14 Storage 35 | 1 4 10 . 7 2 1 2 . 2 . 1 . . 2 . 3 Processor 9 | 1 . . 1 . . . . . . . . . . . 2 5 Hackware . | . . . . . . . . . . . . . . . . . Protection 31 | 1 2 . . . 2 4 4 6 2 2 2 . . 3 1 2 Artifact . | . . . . . . . . . . . . . . . . . Weapon 114 | 2 6 11 . 11 7 17 13 5 3 7 4 . 1 1 4 22 Energy Gun 32 | 1 5 6 . 4 1 5 3 . . . 2 . . . . 5 Energy Cannon 3 | . . . . . . 1 1 . . 1 . . . . . . Ballistic Gun 54 | 1 1 5 . 5 6 9 5 4 3 5 2 . . 1 3 4 Ballistic Cannon 19 | . . . . 1 . 1 3 1 . . . . 1 . 1 11 Launcher 6 | . . . . 1 . 1 1 . . 1 . . . . . 2 Special Weapon . | . . . . . . . . . . . . . . . . . Impact Weapon . | . . . . . . . . . . . . . . . . . Slashing Weapon . | . . . . . . . . . . . . . . . . . Piercing Weapon . | . . . . . . . . . . . . . . . . . Special Melee Weapon . | . . . . . . . . . . . . . . . . . Unidentified Prototypes 7 | . . 3 . 4 . . . . . . . . . . . . Parts Lost 23 | . . . . . . . . . . 1 . . . 1 1 20 Power 1 | . . . . . . . . . . . . . . . . 1 Propulsion 6 | . . . . . . . . . . . . . . . . 6 Utility 7 | . . . . . . . . . . . . . . 1 1 5 Weapon 9 | . . . . . . . . . . 1 . . . . . 8 Highest Loss Streak 6 | . . . . . . . . . . 1 . . . 1 1 6 Average Slot Usage (%) 95 | . 98 99 99 99 100 99 100 99 100 99 92 90 90 89 87 86 Engine 7 | . 11 19 15 16 14 10 6 10 10 8 . . . . . . Reactor 4 | . . . . . . 1 6 5 5 5 9 10 10 9 10 10 Treads 18 | . 20 . . 23 21 24 25 22 20 19 12 10 10 9 16 14 Hover 1 | . . 19 25 1 . . . . . . . . . . . . Device 8 | . 7 . . . 2 10 6 11 15 15 14 15 15 11 9 7 Storage 17 | . 23 20 16 22 21 18 18 16 15 15 15 15 15 18 16 14 Processor 2 | . . . 8 8 4 . . . . . . . . . 2 10 Protection 7 | . 5 10 8 2 7 7 11 10 10 9 10 10 10 10 4 3 Energy Gun 3 | . 17 12 8 6 6 3 4 . . . . . . . . . Ballistic Gun 15 | . 6 17 16 9 20 17 13 18 20 21 24 25 22 22 16 6 Ballistic Cannon 4 | . . . . 7 . . 4 2 5 3 . . 2 4 7 13 Naked Turns . | . . . . . . . . . . . . . . . . . Heaviest Build 238 | 20 36 50 50 66 120 140 145 168 186 190 194 194 200 217 216 238 Greatest Support 225 | 20 40 20 27 60 73 116 118 118 117 114 160 160 160 160 220 225 Greatest Overweight (x) 8 | 1 8 2 1 2 2 2 1 1 1 3 1 1 1 1 . 1 Average Overweight (x) . | . . 1 1 . 1 1 1 1 1 1 1 1 1 1 . . Largest Inventory Capacity 26 | 8 14 16 14 20 26 26 26 26 26 26 26 26 26 26 26 26 Average Capacity 23 | 7 13 13 14 17 23 26 26 26 26 26 26 26 26 26 26 26 Most Carried 26 | 8 14 14 14 20 26 26 26 26 26 26 26 26 25 26 26 26 Average Carried 22 | 5 10 13 13 17 22 25 25 25 25 25 25 24 24 24 25 23 Final Capacity 26 | 8 14 14 14 20 26 26 26 26 26 26 26 26 26 26 26 26 Final Carried 26 | 8 14 14 14 20 26 26 26 26 26 23 26 24 25 24 25 18 Class Distribution -------------------- 36% | Hauler-Tank 19% | Scavenger-Executioner 10% | Scavenger-Tank 6% | Hacker-Mutant 5% | Generator-Executioner 4% | Commander-Gunner 4% | Hacker-Gunner 3% | Hauler-Gunner 3% | Hacker-Tank Dominant Class ---------------- Hacker-Mutant | -10/Materials Hacker-Tank | -9/Materials Hacker-Gunner | -8/Materials Commander-Gunner | -8/Storage Hauler-Tank | -7/Factory Hauler-Tank | -6/Factory Hauler-Tank | -6/Garrison Hauler-Tank | -5/Factory Hauler-Tank | -4/Factory Hauler-Tank | -4/Extension Scavenger-Tank | -4/Cetus Scavenger-Tank | -4/Archives Scavenger-Tank | -4/Hub_04(d) Scavenger-Executioner | -3/Research Scavenger-Executioner | -2/Research Scavenger-Executioner | -1/Access Resources | -11 -10 -9 -8 -8 -7 -6 -6 -5 -4 -4 -4 -4 -4 -3 -2 -1 ----------- Run | Scr Mat Mat Mat Sto Fac Fac Gar Fac Fac Ext Cet Arc Hub Res Res Acc Matter Collected 19787 | 328 309 430 92 442 1113 1984 729 1309 522 1473 802 189 574 1055 2678 5758 Remotely . | . . . . . . . . . . . . . . . . . Salvage Created 30438 | 265 599 520 165 708 2115 3259 1336 2150 838 2561 1522 301 1079 1310 4670 7040 Parts 1406 | 25 45 34 8 31 108 156 51 109 40 76 74 14 44 67 256 268 Haulers Intercepted 14 | . 1 1 . 1 1 1 . . . 1 . . 1 1 1 5 Recyclers Shooed 19 | . 2 1 . . 1 4 . 1 1 4 . . . . 2 3 Parts Field Recycled 32 | . . . . . . . 3 8 5 15 . . . . . 1 Retrieved Matter 357 | . . . . . . . 25 42 54 215 . . . . . 21 Parts Self-Destructed . | . . . . . . . . . . . . . . . . . Prevented . | . . . . . . . . . . . . . . . . . Kills | -11 -10 -9 -8 -8 -7 -6 -6 -5 -4 -4 -4 -4 -4 -3 -2 -1 ------- Run | Scr Mat Mat Mat Sto Fac Fac Gar Fac Fac Ext Cet Arc Hub Res Res Acc Combat Hostiles Destroyed 342 | . 10 5 3 8 39 32 16 24 10 16 21 3 11 13 45 86 Melee 3 | . . . . . . . . . 1 . . . . . . 2 Guns 231 | . 10 5 3 6 39 24 9 23 6 10 21 3 8 10 25 29 Cannons 98 | . . . . 2 . 7 3 1 2 3 . . 3 3 20 54 AOE 6 | . . . . . . . 2 . 1 3 . . . . . . Classes Destroyed 17 | 3 5 1 . 2 3 3 . . . . . . . . . . Worker 28 | 2 1 . . 2 1 4 . 1 . 2 . . 2 1 2 10 Builder 32 | . 2 1 . . . 4 . 1 . 6 . . 1 . 6 11 Tunneler 10 | 5 1 1 . . 1 1 . . . . . . . . 1 . Hauler 14 | . 1 1 . 1 1 1 . . . 1 . . 1 1 1 5 Recycler 44 | 1 1 1 . 2 2 8 . 2 . 9 . . . 1 6 11 Carrier 3 | . . . . . . 1 . . . . 1 . . . . 1 Mechanic 6 | . . . . 1 . . . 1 . . . . . . 1 3 Operator 2 | . . . . . 1 1 . . . . . . . . . . Watcher 36 | . 3 2 . 1 3 5 . 3 1 2 1 . 2 . 6 7 Swarmer 45 | . 4 . . 1 9 7 . . . 6 6 . . . 8 4 Grunt 125 | . 6 1 2 2 24 8 10 12 4 . 10 . 3 2 12 29 Brawler 8 | . . . . 1 1 1 1 . . . 1 . . . 1 2 Duelist 7 | . . . . . 1 1 . . . . . . . . 1 4 Sentry 45 | . . 4 1 4 1 4 2 4 3 2 . 3 2 3 6 6 Hunter 38 | . . . . . . 3 2 . 1 6 . . 6 2 4 14 Programmer 65 | . . . . . 4 7 . 8 2 . . . . 5 13 26 Behemoth 6 | . . . . . . 1 1 . . 2 . . . 1 . 1 Cetus Guard 4 | . . . . . . . . . . . 4 . . . . . Best Kill Streak 18 | 5 6 2 2 3 11 6 4 6 4 12 7 1 10 6 13 18 Combat Bots Only 13 | . 2 1 2 3 8 4 4 6 4 3 6 1 5 5 12 13 Max Kills in Single Turn 3 | 1 1 2 2 2 2 2 2 2 2 3 2 1 2 2 3 3 Gunslinging 2 | . . . 1 . 1 . . 1 . 2 1 . . . . . Exploded 2 | . . . . . . . 1 . 1 2 . . . . . . Melee 1 | . . . . . . . . . 1 . . . . . . 1 Uniques/NPCs Destroyed . | . . . . . . . . . . . . . . . . . Combat | -11 -10 -9 -8 -8 -7 -6 -6 -5 -4 -4 -4 -4 -4 -3 -2 -1 -------- Run | Scr Mat Mat Mat Sto Fac Fac Gar Fac Fac Ext Cet Arc Hub Res Res Acc Damage Taken 15825 | 25 216 85 21 257 996 1285 612 755 529 436 451 40 261 699 1657 7500 Core 971 | . 81 19 . 62 161 143 33 36 5 19 26 . . 8 80 298 Absorbed by Shields 6000 | . . . . . . . . 196 482 464 489 42 281 727 1071 2248 Core Remaining (%) 89 | 100 67 95 . 88 77 . 79 96 . . . . 95 99 94 . Volleys Fired 835 | 14 51 25 4 33 78 100 46 55 25 54 39 9 26 32 79 165 Largest 6 | 2 2 3 3 3 4 4 4 4 5 5 5 5 5 6 6 6 Hottest 395 | 60 100 110 91 125 161 161 179 160 193 193 167 167 200 233 261 395 Shots Fired 3602 | 20 102 74 12 80 300 364 153 220 117 251 167 45 129 192 471 905 Gun 2590 | 20 102 74 12 63 295 304 108 202 94 202 167 45 111 160 322 309 Cannon 965 | . . . . 17 5 50 34 18 23 45 . . 18 32 149 574 Launcher 47 | . . . . . . 10 11 . . 4 . . . . . 22 Special . | . . . . . . . . . . . . . . . . . Kinetic 3218 | 6 43 46 8 48 240 289 109 215 117 243 160 45 129 192 471 857 Thermal 184 | . 46 8 . 3 60 33 1 . . . 7 . . . . 26 Explosive 4 | . . . . . . . . . . 4 . . . . . . Electromagnetic 196 | 14 13 20 4 29 . 42 43 5 . 4 . . . . . 22 Robot Hit Streak 71 | 16 36 16 10 18 51 59 49 71 35 35 36 28 47 33 43 44 Robot Miss Streak 5 | . 1 3 2 2 2 4 1 2 1 1 2 1 5 2 2 3 Penetration Max 3 | . . . . . 1 1 2 1 1 3 1 . 1 1 2 2 Secondary Targets 25 | . 1 . 1 . 8 . . 2 . 2 11 . . . . . Max Gunslinging Chain 2 | . 1 . 1 . 1 . . 1 . 2 2 . . . . . Shots Hit Robots 2602 | 16 61 56 10 49 232 289 109 162 91 191 133 34 89 144 309 627 Core Hits 1189 | 9 29 19 6 20 99 130 51 71 37 93 60 11 44 40 144 326 Critical Hits 499 | . . . 1 . 2 5 9 59 29 75 20 8 17 40 109 125 Critical Kills 175 | . . . . . . 2 5 28 7 19 10 2 8 9 48 37 Critical Parts Destroyed 246 | . . . 1 . 2 2 3 30 20 31 8 5 8 12 55 69 Melee Attacks . | . . . . . . . . . . . . . . . . . Impact . | . . . . . . . . . . . . . . . . . Slashing . | . . . . . . . . . . . . . . . . . Piercing . | . . . . . . . . . . . . . . . . . Sneak Attacks . | . . . . . . . . . . . . . . . . . Combat Hostiles . | . . . . . . . . . . . . . . . . . Follow-up Attacks . | . . . . . . . . . . . . . . . . . Damage Inflicted 58699 | 214 834 620 150 839 4249 6153 2918 1779 1236 4025 2559 561 2149 3007 7018 20388 Guns 38342 | 187 834 620 150 631 4109 4927 1127 1494 845 2603 2559 560 1874 2647 5268 7907 Cannons 16074 | . . . . 169 89 936 796 118 213 478 . . 203 360 1381 11331 Explosions 3475 | 27 . . . . . 211 995 134 89 944 . . . . 209 866 Melee . | . . . . . . . . . . . . . . . . . Ramming 808 | . . . . 39 51 79 . 33 89 . . 1 72 . 160 284 Kinetic 49075 | 26 445 321 105 443 2978 4383 1391 1552 1058 3053 2559 560 2077 3007 6649 18468 Thermal 3489 | 27 185 67 . 57 1220 812 116 79 83 . . . . . . 843 Explosive 1386 | . . . . . . . . 55 6 944 . . . . 209 172 Electromagnetic 3941 | 161 204 232 45 300 . 879 1411 60 . 28 . . . . . 621 Impact . | . . . . . . . . . . . . . . . . . Slashing . | . . . . . . . . . . . . . . . . . Piercing . | . . . . . . . . . . . . . . . . . Highest Corruption 18 | . . . . . . 1 . 4 1 1 . . 1 2 2 18 Average Corruption 3 | . . . . . . 1 . 1 1 1 . . 1 1 1 7 Corruption Purged 12 | . . . . . . 3 . 5 . 1 . . . . . 3 Effects 179 | . . . . . . 6 . 13 2 10 . . 5 3 2 138 Message Errors 23 | . . . . . . 1 . 2 . 2 . . 1 . . 17 Matter Fused 7 | . . . . . . . . . . . . . . . . 7 Heat Flow Errors 7 | . . . . . . . . 1 . . . . . . 1 5 Energy Discharges 15 | . . . . . . 1 . 3 . 3 . . 1 . . 7 Parts Rejected 2 | . . . . . . . . . . . . . . . . 2 Data Loss (minor) 17 | . . . . . . 2 . 2 . 1 . . . 2 . 10 Misfires 3 | . . . . . . . . . . . . . . . . 3 Alerts 1 | . . . . . . . . . . . . . . . . 1 Misdirections 2 | . . . . . . . . . . . . . . . . 2 Targeting Errors 84 | . . . . . . 1 . 5 2 3 . . 2 1 1 69 Weapon Failures 18 | . . . . . . 1 . . . 1 . . 1 . . 15 Overload Shots . | . . . . . . . . . . . . . . . . . Overflow Damage 800 | . . . . . 5 84 84 8 . 106 . . . . 126 387 Projectiles 333 | . . . . . . 56 17 . . . . . . . 9 251 Explosions 307 | . . . . . . . 67 8 . 106 . . . . 68 58 Melee 160 | . . . . . 5 28 . . . . . . . . 49 78 Knockbacks 131 | . . . . . 1 4 2 1 1 1 . . 4 1 11 105 Impact 7 | . . . . . 1 1 . . . . . . 1 . . 4 Kinetic 109 | . . . . . . 3 2 1 1 1 . . 3 1 10 87 Secondary 15 | . . . . . . . . . . . . . . . 1 14 Self-Inflicted Damage 237 | 25 . . . . . . . . 55 . . . . . 55 102 Shots 10 | 1 . . . . . . . . 1 . . . . . 1 7 Rammed 35 | . . . . 3 3 2 . 1 8 . . 1 3 . 5 9 Targets Rammed 47 | . . . . 6 3 3 . 2 9 . . 1 3 . 7 13 Kicked . | . . . . . . . . . . . . . . . . . Crushed 12 | . . . . 3 . 1 . 1 1 . . . . . 2 4 Highest Temperature 610 | 15 90 146 86 323 610 66 72 96 77 202 53 42 157 340 229 610 Average Temperature 80 | 9 24 52 32 77 152 15 18 15 25 55 16 18 45 154 34 116 Received Heat Transfer 2393 | . 39 42 18 108 552 291 246 154 53 12 65 4 41 89 358 321 Effects 43 | . . . . . 16 . . . . . . . . 2 . 25 Shutdowns 15 | . . . . . 6 . . . . . . . . 2 . 7 Energy Bleed 7 | . . . . . 2 . . . . . . . . . . 5 Interference 10 | . . . . . 3 . . . . . . . . . . 7 Matter Decay 4 | . . . . . 2 . . . . . . . . . . 2 Short Circuit 2 | . . . . . 1 . . . . . . . . . . 1 Damage (minor) 3 | . . . . . . . . . . . . . . . . 3 Damage (major) 1 | . . . . . 1 . . . . . . . . . . . Damage (core) 1 | . . . . . 1 . . . . . . . . . . . Siege Activations . | . . . . . . . . . . . . . . . . . Robots Corrupted 7 | . . . . . . 1 5 . . . . . . . . 1 Combat Hostiles 4 | . . . . . . 1 2 . . . . . . . . 1 Parts Fried 18 | 1 1 1 . . . 8 6 1 . . . . . . . . Impact Corruptions 11 | . . . . . 1 2 . . . . . . . . 3 5 Robots Melted . | . . . . . . . . . . . . . . . . . Combat Hostiles . | . . . . . . . . . . . . . . . . . Parts Melted 8 | 1 1 . . . 2 3 . 1 . . . . . . . . Heat Transferred 5684 | 50 555 161 . 111 2402 1351 100 50 50 . . . . . . 854 Parts Sabotaged 3 | . . . . . . . . . . . . . . . 1 2 Parts Stolen . | . . . . . . . . . . . . . . . . . Parts Stripped . | . . . . . . . . . . . . . . . . . Power Chain Reactions 4 | 1 . . . . . . 1 1 . . . . . . . 1 Missiles Intercepted . | . . . . . . . . . . . . . . . . . Alert | -11 -10 -9 -8 -8 -7 -6 -6 -5 -4 -4 -4 -4 -4 -3 -2 -1 ------- Run | Scr Mat Mat Mat Sto Fac Fac Gar Fac Fac Ext Cet Arc Hub Res Res Acc Peak Influence 1170 | 40 282 185 150 415 395 583 1026 526 218 323 275 195 255 453 697 1170 Initial 399 | . 19 . 55 45 26 68 270 399 . 52 9 76 46 99 64 317 Average 252 | 21 56 76 89 213 138 138 704 241 82 161 142 172 122 226 214 597 Maximum Alert Level 4 | . 1 . . 2 1 2 3 2 1 1 1 . 1 2 2 4 Low Security (%) 54 | 100 89 100 100 46 82 71 . 32 94 63 70 100 81 52 50 2 Level 1 26 | . 10 . . 52 17 19 8 54 5 36 29 . 18 39 36 28 Level 2 10 | . . . . . . 8 30 13 . . . . . 7 13 33 Level 3 7 | . . . . . . . 60 . . . . . . . . 27 Level 4 1 | . . . . . . . . . . . . . . . . 7 Level 5 . | . . . . . . . . . . . . . . . . . High Security . | . . . . . . . . . . . . . . . . . Max Security . | . . . . . . . . . . . . . . . . . Squads Dispatched 71 | . . . 1 3 10 10 . 6 2 2 2 . 2 2 8 23 Investigation 16 | . . . . 3 6 2 . 1 . 1 2 . . . . 1 Extermination 26 | . . . . . 2 6 . 3 1 . . . . 2 4 8 Reinforcement 16 | . . . 1 . 2 2 . 2 . 1 . . 2 . 2 4 Assault 5 | . . . . . . . . . . . . . . . 1 4 Garrison 8 | . . . . . . . . . 1 . . . . . 1 6 Intercept . | . . . . . . . . . . . . . . . . . Construction Impeded 6 | . . . . . . . . 1 . 1 . . 1 . 1 2 Haulers Reinforced 6 | . . . . . 2 1 . . . . . . 1 . 1 1 Stealth | -11 -10 -9 -8 -8 -7 -6 -6 -5 -4 -4 -4 -4 -4 -3 -2 -1 --------- Run | Scr Mat Mat Mat Sto Fac Fac Gar Fac Fac Ext Cet Arc Hub Res Res Acc Distress Signals 29 | . 2 1 . 2 2 1 . 1 . 3 1 . 2 1 4 9 Communications Jammed . | . . . . . . . . . . . . . . . . . Distress Signals . | . . . . . . . . . . . . . . . . . Times Spotted 465 | . 14 13 4 23 45 41 19 30 12 17 24 6 13 15 68 121 Peak Tracking Total 13 | . 3 3 2 4 4 4 5 5 4 5 5 2 3 4 9 13 Tactical Retreats 13 | . . . . . . . 3 . 1 . . . . . 3 6 Traps | -11 -10 -9 -8 -8 -7 -6 -6 -5 -4 -4 -4 -4 -4 -3 -2 -1 ------- Run | Scr Mat Mat Mat Sto Fac Fac Gar Fac Fac Ext Cet Arc Hub Res Res Acc Traps Triggered 35 | . 5 . 1 2 1 4 8 3 . 2 . . 2 1 1 5 Indirectly . | . . . . . . . . . . . . . . . . . Trap Hack Attempts . | . . . . . . . . . . . . . . . . . Triggered . | . . . . . . . . . . . . . . . . . Disarmed . | . . . . . . . . . . . . . . . . . Reprogrammed . | . . . . . . . . . . . . . . . . . Reused . | . . . . . . . . . . . . . . . . . Traps Extracted . | . . . . . . . . . . . . . . . . . Installed . | . . . . . . . . . . . . . . . . . Triggered . | . . . . . . . . . . . . . . . . . Machines | -11 -10 -9 -8 -8 -7 -6 -6 -5 -4 -4 -4 -4 -4 -3 -2 -1 ---------- Run | Scr Mat Mat Mat Sto Fac Fac Gar Fac Fac Ext Cet Arc Hub Res Res Acc Machines Disabled 32 | . . 2 . 3 1 5 2 3 5 . 2 1 1 . 2 5 Max in Single Turn 2 | . . 1 . 1 1 1 1 1 2 . 1 1 1 . 2 1 Garrison Relay 1 | . . . . . . . 1 . . . . . . . . . Energy Cycler 1 | . . . . . . . . . . . . . . . . 1 Machines Sabotaged . | . . . . . . . . . . . . . . . . . Garrisons Compromised . | . . . . . . . . . . . . . . . . . Overloaded Fab Kills . | . . . . . . . . . . . . . . . . . Fab Network Shutdowns 1 | . . . . . . 1 . . . . . . . . . . Hacking | -11 -10 -9 -8 -8 -7 -6 -6 -5 -4 -4 -4 -4 -4 -3 -2 -1 --------- Run | Scr Mat Mat Mat Sto Fac Fac Gar Fac Fac Ext Cet Arc Hub Res Res Acc Machines Accessed 59 | . 4 2 . 14 10 9 . 1 1 2 3 1 3 1 3 5 Terminals 41 | . 3 2 . 11 6 6 . 1 1 2 3 . 3 . 1 2 Fabricators 4 | . . . . . 1 2 . . . . . . . . . 1 Repair Stations 6 | . . . . 1 2 . . . . . . . . . 1 2 Recycling Units 6 | . 1 . . 2 1 . . . . . . . . 1 1 . Scanalyzers . | . . . . . . . . . . . . . . . . . Garrison Access 1 | . . . . . . 1 . . . . . . . . . . Total Hacks 185 | . 17 4 . 42 29 21 . 2 2 3 13 25 9 1 6 11 Successful 125 | . 16 3 . 26 16 10 . 2 1 1 9 25 7 1 2 6 Failed 60 | . 1 1 . 16 13 11 . . 1 2 4 . 2 . 4 5 Catastrophic . | . . . . . . . . . . . . . . . . . Database Lockouts . | . . . . . . . . . . . . . . . . . Manual . | . . . . . . . . . . . . . . . . . Terminals 109 | . 6 4 . 34 18 13 . 2 2 3 13 . 9 . 1 4 Fabricators 12 | . . . . . 2 7 . . . . . . . . . 3 Repair Stations 16 | . . . . 2 8 . . . . . . . . . 2 4 Recycling Units 22 | . 11 . . 6 1 . . . . . . . . 1 3 . Scanalyzers . | . . . . . . . . . . . . . . . . . Garrison Access 1 | . . . . . . 1 . . . . . . . . . . Terminal Hacks 94 | . 6 3 . 21 10 6 . 2 1 1 9 25 7 . 1 2 Record 45 | . 3 . . 1 3 1 . . . . 9 25 3 . . . Part Schematic 12 | . . . . 5 5 2 . . . . . . . . . . Robot Schematic 4 | . . . . 3 . . . . . . . . 1 . . . Robot Analysis 3 | . . 1 . 1 1 . . . . . . . . . . . Prototype ID Bank 5 | . 1 2 . 1 . . . 1 . . . . . . . . Open Door 4 | . . . . 3 . . . . . 1 . . . . . . Emergency Access Points 1 | . . . . 1 . . . . . . . . . . . . Alert Level 2 | . . . . 2 . . . . . . . . . . . . Unreport Threat 1 | . . . . . . 1 . . . . . . . . . . Locate Traps 1 | . . . . 1 . . . . . . . . . . . . Maintenance Status 1 | . 1 . . . . . . . . . . . . . . . Recall Investigation 2 | . . . . . . . . . 1 . . . 1 . . . Recall Extermination 2 | . . . . . . 1 . . . . . . . . . 1 Recall Reinforcements 2 | . . . . . . . . 1 . . . . 1 . . . Registered Components 2 | . . . . 1 . . . . . . . . . . 1 . Registered Prototypes 3 | . . . . 1 1 . . . . . . . 1 . . . Zone Layout 4 | . 1 . . 1 . 1 . . . . . . . . . 1 Fabricator Hacks 7 | . . . . . 2 3 . . . . . . . . . 2 Load Schematic 3 | . . . . . 1 1 . . . . . . . . . 1 Build 4 | . . . . . 1 2 . . . . . . . . . 1 Repair Station Hacks 7 | . . . . 2 3 . . . . . . . . . . 2 Scan Component 5 | . . . . 1 2 . . . . . . . . . . 2 Repair 2 | . . . . 1 1 . . . . . . . . . . . Recycling Unit Hacks 16 | . 10 . . 3 1 . . . . . . . . 1 1 . Recycle Component 4 | . 4 . . . . . . . . . . . . . . . Process 4 | . 3 . . 1 . . . . . . . . . . . . Report Inventory 7 | . 2 . . 2 1 . . . . . . . . 1 1 . Retrieve Components 1 | . 1 . . . . . . . . . . . . . . . Scanalyzer . | . . . . . . . . . . . . . . . . . Garrison Access Hacks 1 | . . . . . . 1 . . . . . . . . . . Unlock Access 1 | . . . . . . 1 . . . . . . . . . . Unauthorized Hacks . | . . . . . . . . . . . . . . . . . Terminals . | . . . . . . . . . . . . . . . . . Fabricators . | . . . . . . . . . . . . . . . . . Repair Stations . | . . . . . . . . . . . . . . . . . Recycling Units . | . . . . . . . . . . . . . . . . . Scanalyzers . | . . . . . . . . . . . . . . . . . Garrison Access . | . . . . . . . . . . . . . . . . . Data Cores Recovered . | . . . . . . . . . . . . . . . . . Used . | . . . . . . . . . . . . . . . . . Hacking Detections 48 | . 2 1 . 10 10 9 . 1 1 1 3 . 2 1 2 5 Full Trace Events 16 | . 1 . . 3 6 2 . . . 1 2 . . . . 1 Feedback Events . | . . . . . . . . . . . . . . . . . Feedback Blocked . | . . . . . . . . . . . . . . . . . Robot Schematics Acquired 4 | . . . . 3 . . . . . . . . 1 . . . Robots Built . | . . . . . . . . . . . . . . . . . Matter . | . . . . . . . . . . . . . . . . . Time . | . . . . . . . . . . . . . . . . . Total Robot Build Rating . | . . . . . . . . . . . . . . . . . Part Schematics Acquired 12 | . . . . 5 5 2 . . . . . . . . . . Parts Built 8 | . . . . . 2 4 . . . . . . . . . 2 Matter 782 | . . . . . 190 424 . . . . . . . . . 168 Time 287 | . . . . . 47 212 . . . . . . . . . 28 Total Part Build Rating 42 | . . . . . 10 24 . . . . . . . . . 8 Parts Repaired 2 | . . . . 1 1 . . . . . . . . . . . Time 46 | . . . . 32 14 . . . . . . . . . . . Parts Recycled 4 | . 4 . . . . . . . . . . . . . . . Recycled Matter 689 | . 311 . . 378 . . . . . . . . . . . . Retrieved Matter . | . . . . . . . . . . . . . . . . . Retrieved Components 9 | . 9 . . . . . . . . . . . . . . . Parts Scanalyzed . | . . . . . . . . . . . . . . . . . Part Schematics Acquired . | . . . . . . . . . . . . . . . . . Parts Damaged . | . . . . . . . . . . . . . . . . . Bothacking | -11 -10 -9 -8 -8 -7 -6 -6 -5 -4 -4 -4 -4 -4 -3 -2 -1 ------------ Run | Scr Mat Mat Mat Sto Fac Fac Gar Fac Fac Ext Cet Arc Hub Res Res Acc Used RIF Installer . | . . . . . . . . . . . . . . . . . Robots Hacked . | . . . . . . . . . . . . . . . . . Non-combat . | . . . . . . . . . . . . . . . . . Combat . | . . . . . . . . . . . . . . . . . Robot Hacks Applied . | . . . . . . . . . . . . . . . . . Relay Couplers Released 3 | . . . . . . . 3 . . . . . . . . . Machine Destruction 3 | . . . . . . . 3 . . . . . . . . . Robots Rewired . | . . . . . . . . . . . . . . . . . Allies Hacked 1 | . . . . . 1 . . . . . . . . . . . Hacks Repelled . | . . . . . . . . . . . . . . . . . Allies | -11 -10 -9 -8 -8 -7 -6 -6 -5 -4 -4 -4 -4 -4 -3 -2 -1 -------- Run | Scr Mat Mat Mat Sto Fac Fac Gar Fac Fac Ext Cet Arc Hub Res Res Acc Total Allies 11 | . . . . 10 . . . . . 1 . . . . . . Largest Group 10 | . . . . 10 3 . . . . 1 . . . . . . Highest-Rated Group 173 | . . . . 173 48 . . . . 46 . . . . . . Highest-Rated Ally 46 | . . . . 29 16 . . . . 46 . . . . . . Total Orders . | . . . . . . . . . . . . . . . . . Ally Attacks 144 | . . . . 113 24 . . . . 7 . . . . . . Total Damage 1934 | . . . . 1642 233 . . . . 59 . . . . . . Kills 24 | . . . . 21 2 . . . . 1 . . . . . . Allies Corrupted . | . . . . . . . . . . . . . . . . . Allies Melted . | . . . . . . . . . . . . . . . . . Intel | -11 -10 -9 -8 -8 -7 -6 -6 -5 -4 -4 -4 -4 -4 -3 -2 -1 ------- Run | Scr Mat Mat Mat Sto Fac Fac Gar Fac Fac Ext Cet Arc Hub Res Res Acc Robot Analysis Total 3 | . . 1 . 1 1 . . . . . . . . . . . Derelict Logs Recovered . | . . . . . . . . . . . . . . . . . Drone Launches . | . . . . . . . . . . . . . . . . . Drone Recoveries . | . . . . . . . . . . . . . . . . . Exploration | -11 -10 -9 -8 -8 -7 -6 -6 -5 -4 -4 -4 -4 -4 -3 -2 -1 ------------- Run | Scr Mat Mat Mat Sto Fac Fac Gar Fac Fac Ext Cet Arc Hub Res Res Acc Turns Passed 20622 | 209 1239 765 162 1379 2375 2782 1116 2002 954 833 732 179 622 506 1564 3203 Spaces Moved 8338 | 142 425 352 126 642 1082 1130 454 531 358 310 253 78 288 177 685 1305 Core 8 | 7 1 . . . . . . . . . . . . . . . Treads 7536 | . 268 . . 617 1082 1130 454 531 358 310 253 78 288 177 685 1305 Legs 71 | 71 . . . . . . . . . . . . . . . . Wheels 225 | 64 156 5 . . . . . . . . . . . . . . Hover 498 | . . 347 126 25 . . . . . . . . . . . . Flight . | . . . . . . . . . . . . . . . . . Fastest Speed 50 | 50 90 90 112 112 175 175 180 180 178 181 180 180 180 180 152 152 Average Speed 168 | 100 135 166 112 159 178 176 180 181 178 184 181 180 180 180 152 168 Slowest Speed 450 | 120 450 176 112 180 200 192 180 182 182 230 187 180 180 180 152 180 Overloaded Moves . | . . . . . . . . . . . . . . . . . Propulsion Burnouts . | . . . . . . . . . . . . . . . . . Robots Hopped 1 | . . . . 1 . . . . . . . . . . . . Cave-ins Triggered 1 | . . . . . . . . 1 . . . . . . . . Exploration Rate (%) 36 | 6 79 34 11 84 26 34 50 11 11 51 62 76 30 6 23 30 Regions Visited 16 Branch Regions 5 Pre-discovered Areas . | . . . . . . . . . . . . . . . . . Known Exits Taken 15 | 1 1 1 1 1 1 1 . 1 1 1 1 1 1 1 1 . Unknown Exits Taken . | . . . . . . . . . . . . . . . . . Scrap Searched . | . . . . . . . . . . . . . . . . . Spaces Dug . | . . . . . . . . . . . . . . . . . Terrain Destroyed 437 | 6 . . . . . 10 4 14 108 25 4 5 15 3 42 201 Melee . | . . . . . . . . . . . . . . . . . Projectile 194 | . . . . . . 10 2 7 3 7 4 5 15 3 9 129 AOE 243 | 6 . . . . . . 2 7 105 18 . . . . 33 72 Terrain Rammed . | . . . . . . . . . . . . . . . . . Walls Destroyed . | . . . . . . . . . . . . . . . . . Machines Disabled . | . . . . . . . . . . . . . . . . . Actions | -11 -10 -9 -8 -8 -7 -6 -6 -5 -4 -4 -4 -4 -4 -3 -2 -1 --------- Run | Scr Mat Mat Mat Sto Fac Fac Gar Fac Fac Ext Cet Arc Hub Res Res Acc Total 12799 | 189 988 473 138 928 1360 1691 654 1435 606 429 435 93 318 271 969 1822 Wait 2680 | . 444 15 . 178 122 328 92 796 172 26 102 . . 35 146 224 Move 8320 | 141 424 351 125 639 1081 1130 452 530 357 309 252 77 287 176 684 1305 Hop 1 | . . . . 1 . . . . . . . . . . . . Pick Up 289 | 19 33 25 4 21 30 36 10 14 11 8 13 2 1 9 16 37 Fast Attach 9 | . . 1 1 1 . 5 . . . 1 . . . . . . Attach 77 | 7 7 1 2 1 2 7 . 2 2 5 2 . . 3 4 32 Detach 5 | . . . . . . . . . . 2 2 . . . . 1 Swap 254 | 4 13 29 . 27 16 37 24 17 13 10 11 . 1 7 16 29 Drop 258 | 4 16 26 2 21 26 43 16 17 17 10 14 4 . 9 17 16 Fire 835 | 14 51 25 4 33 78 100 46 55 25 54 39 9 26 32 79 165 Melee . | . . . . . . . . . . . . . . . . . Ram . | . . . . . . . . . . . . . . . . . Kick . | . . . . . . . . . . . . . . . . . Crush 47 | . . . . 6 3 3 . 2 9 . . 1 3 . 7 13 Escape Stasis 24 | . . . . . 2 2 14 2 . 4 . . . . . . Rewire . | . . . . . . . . . . . . . . . . . Trap . | . . . . . . . . . . . . . . . . . Miscellaneous . | . . . . . . . . . . . . . . . . . Route ------- -11/Scrapyard -10/Materials (discovered 4 exits: *Mat x3 / *Min) -9/Materials -8/Materials -8/Storage -7/Factory (discovered 2 exits: *Fac / *Low) -6/Factory (discovered 2 exits: *Fac / Gar) -6/Garrison (discovered 2 exits: *Fac x2) -5/Factory (discovered 2 exits: *Fac / *Upp) -4/Factory -4/Extension (discovered 2 exits: *Res / *Cet) -4/Cetus -4/Archives (discovered 2 exits: *Res / *Hub) -4/Hub_04(d) -3/Research -2/Research -1/Access History --------- Turn | Location | Event 23 | -11/Scrapyard | Identified exit to Materials 23 | -11/Scrapyard | Discovered exit to Materials (range 16) 210 | -11/Scrapyard | Entered Materials 210 | -10/Materials | Evolved 1 slot: Utility x1 310 | -10/Materials | Build established: Hacker-Mutant 448 | -10/Materials | Identified exit to Materials 448 | -10/Materials | Discovered exit to Materials (range 15) 520 | -10/Materials | Identified exit to Mines 520 | -10/Materials | Discovered exit to Mines (range 9) 1153 | -10/Materials | Discovered exit to Materials (range 16) 1425 | -10/Materials | Discovered exit to Materials (range 15) 1449 | -10/Materials | Entered another Materials area 1449 | -9/Materials | Evolved 2 slots: Power x1, Weapon x1 1750 | -9/Materials | Build established: Hacker-Tank 2149 | -9/Materials | Identified exit to Materials 2149 | -9/Materials | Discovered exit to Materials (range 14) 2214 | -9/Materials | Entered another Materials area 2214 | -8/Materials | Evolved 2 slots: Propulsion x1, Utility x1 2347 | -8/Materials | Identified exit to Storage 2347 | -8/Materials | Discovered exit to Storage (range 16) 2376 | -8/Materials | Entered Storage 2562 | -8/Storage | Assisted by bots powering up and referring to "LRC-V3" 2859 | -8/Storage | Build established: Commander-Gunner 3040 | -8/Storage | Repaired Hvy. Assault Rifle 3744 | -8/Storage | Identified exit to Factory 3744 | -8/Storage | Discovered exit to Factory (range 7) 3755 | -8/Storage | Entered Factory 3755 | -7/Factory | Accompanied by 3 allies 3755 | -7/Factory | Evolved 2 slots: Utility x1, Weapon x1 3922 | -7/Factory | Identified exit to Lower Caves 3922 | -7/Factory | Discovered exit to Lower Caves (range 6) 4053 | -7/Factory | Build established: Hacker-Gunner 4445 | -7/Factory | Fabricated Imp. Core Shielding (x2) 4785 | -7/Factory | Build established: Hauler-Gunner 5307 | -7/Factory | Destroyed 8 combat bots 5571 | -7/Factory | Build established: Hauler-Tank 5615 | -7/Factory | Identified exit to Factory 5615 | -7/Factory | Discovered exit to Factory (range 5) 5965 | -7/Factory | Repaired Imp. Deuterium Engine 6130 | -7/Factory | Entered another Factory area 6130 | -6/Factory | Evolved 2 slots: Propulsion x1, Utility x1 6456 | -6/Factory | Identified exit to Factory 6456 | -6/Factory | Discovered exit to Factory (range 14) 7232 | -6/Factory | Spotted B-75 Beast 7269 | -6/Factory | Destroyed B-75 Beast 8417 | -6/Factory | Fabricated Quantum Rifle? 8516 | -6/Factory | Fabricated Med. Treads (x2) 8526 | -6/Factory | Local fabrication network quarantined 8912 | -6/Factory | Identified exit to Garrison 8912 | -6/Factory | Entered Garrison 9000 | -6/Garrison | Triggered checkpoint 9050 | -6/Garrison | Garrison Relay disabled 9175 | -6/Garrison | Triggered checkpoint 9180 | -6/Garrison | Triggered checkpoint 9193 | -6/Garrison | Spotted B-75 Beast 9199 | -6/Garrison | Triggered checkpoint 9350 | -6/Garrison | Destroyed B-75 Beast 9466 | -6/Garrison | Spotted B-75 Beast 9466 | -6/Garrison | Spotted B-75 Beast 9673 | -6/Garrison | Discovered exit to Factory (range 14) 9704 | -6/Garrison | Attempted to access garrison exit controls, blocked by remote lockdown 9892 | -6/Garrison | Triggered checkpoint 9948 | -6/Garrison | Discovered exit to Factory (range 10) 10028 | -6/Garrison | Entered Factory 10028 | -5/Factory | Evolved 2 slots: Power x1, Utility x1 10355 | -5/Factory | Build established: Scavenger-Tank 10517 | -5/Factory | Crushed by falling debris 10885 | -5/Factory | Build established: Hauler-Tank 10885 | -5/Factory | Identified exit to Upper Caves 10885 | -5/Factory | Discovered exit to Upper Caves (range 13) 11127 | -5/Factory | Identified exit to Factory 11127 | -5/Factory | Discovered exit to Factory (range 15) 11220 | -5/Factory | Build established: Scavenger-Tank 11294 | -5/Factory | Found Imp. Powered Armor 11523 | -5/Factory | Build established: Hauler-Tank 12030 | -5/Factory | Entered another Factory area 12030 | -4/Factory | Evolved 2 slots: Utility x1, Weapon x1 12104 | -4/Factory | Garrison activated, responded to threat 12935 | -4/Factory | Identified exit to Extension 12935 | -4/Factory | Discovered exit to Extension (range 16) 12984 | -4/Factory | Entered Extension 13172 | -4/Extension | Rescued a captive Derelict 13309 | -4/Extension | Disrupted transfer network 13382 | -4/Extension | Spotted B-86 Titan 13430 | -4/Extension | Destroyed B-86 Titan 13445 | -4/Extension | Spotted B-86 Titan 13487 | -4/Extension | Destroyed B-86 Titan 13789 | -4/Extension | Identified exit to Research 13789 | -4/Extension | Discovered exit to Research (range 16) 13789 | -4/Extension | Identified exit to Cetus 13789 | -4/Extension | Discovered exit to Cetus (range 16) 13817 | -4/Extension | Entered Cetus 13840 | -4/Cetus | Spotted Cetus Guard 13840 | -4/Cetus | Spotted Cetus Guard 13849 | -4/Cetus | Destroyed Cetus Guard 13850 | -4/Cetus | Spotted Cetus Guard 13853 | -4/Cetus | Destroyed Cetus Guard 13861 | -4/Cetus | Destroyed Cetus Guard 13861 | -4/Cetus | Spotted Cetus Guard 13873 | -4/Cetus | Destroyed Cetus Guard 14348 | -4/Cetus | Identified exit to Archives 14348 | -4/Cetus | Discovered exit to Archives (range 15) 14549 | -4/Cetus | Entered Archives 14599 | -4/Archives | Build established: Scavenger-Tank 14632 | -4/Archives | Identified exit to Hub_04(d) 14632 | -4/Archives | Discovered exit to Hub_04(d) (range 16) 14643 | -4/Archives | Unable to access archive contents 14663 | -4/Archives | Discovered exit to Research (range 16) 14728 | -4/Archives | Entered Hub_04(d) 15247 | -4/Hub_04(d) | Discovered exit to Research (range 10) 15350 | -4/Hub_04(d) | Entered Research 15350 | -3/Research | Evolved 2 slots: Utility x1, Weapon x1 15459 | -3/Research | Spotted B-86 Titan 15522 | -3/Research | Destroyed B-86 Titan 15658 | -3/Research | Build established: Scavenger-Executioner 15849 | -3/Research | Identified exit to Research 15849 | -3/Research | Discovered exit to Research (range 4) 15856 | -3/Research | Entered another Research area 15856 | -2/Research | Evolved 2 slots: Propulsion x2 15992 | -2/Research | Found Prototype Protection 15996 | -2/Research | Found Prototype Protection 16000 | -2/Research | Identified Centrium Heavy Armor Plating (x2) 16017 | -2/Research | Found Centrium Heavy Armor Plating 16023 | -2/Research | Found Centrium Heavy Armor Plating 16873 | -2/Research | Found Prototype Processor 16881 | -2/Research | Identified Spectral Analyzer 16887 | -2/Research | Found Prototype Launcher 16976 | -2/Research | Identified Gui. Micro-nuke Launcher 17232 | -2/Research | Destroyed 12 combat bots 17264 | -2/Research | Found Prototype Device 17268 | -2/Research | Found Prototype Device 17277 | -2/Research | Identified Exp. Actuator Array (x2) 17328 | -2/Research | Identified exit to Access 17328 | -2/Research | Discovered exit to Access (range 11) 17349 | -2/Research | Found Prototype Launcher 17378 | -2/Research | Garrison activated, responded to threat 17387 | -2/Research | First assault squad dispatched 17420 | -2/Research | Entered Access 17420 | -1/Access | Evolved 2 slots: Utility x2 17426 | -1/Access | Identified Com. Tesla Bomb Launcher 17583 | -1/Access | Found Prototype Processor 17606 | -1/Access | Identified Exp. Core Analyzer 17670 | -1/Access | First assault squad dispatched 19266 | -1/Access | Garrison activated, responded to threat 19335 | -1/Access | Destroyed 10 combat bots 19443 | -1/Access | System corruption reached 10% 19538 | -1/Access | Energy Cycler disabled 19577 | -1/Access | Destroyed 13 combat bots 19606 | -1/Access | Garrison activated, responded to threat 19878 | -1/Access | Build established: Generator-Executioner 19906 | -1/Access | Found Prototype Launcher 19944 | -1/Access | Identified Enh. Gamma Bomb Array 20056 | -1/Access | Spotted B-99 Colossus 20155 | -1/Access | Destroyed B-99 Colossus 20173 | -1/Access | Lost 6 parts (2n4w) 20179 | -1/Access | Spotted B-99 Colossus 20291 | -1/Access | Lost 6 parts (1p2n2u1w) 20445 | -1/Access | Fabricated Gauss Rifle (x2) 20623 | -1/Access | Self-destructed Last Messages --------------- 20584_ Acquired 9 matter. 20597_ T/GJ: NGMUJZ33Y 20619_ Slug penetrates Wall. 20619_ System corrupted: Linear Accelerator targeting data glitched. 20619_ Slug penetrates Wall. 20619_ Penetrated by Slug. [Achievement: 5k Club] [Achievement: 10k Club] [Achievement: 20k Club] [Achievement: 30k Club] [Achievement: Punisher] Map ----- +----------------------------------------------------+ | ????????????????# !# ####### #??? | | ????????????????# ! + =% ## #??? | | ????????????????# ""Y"" # #### ## #??? | | ????????????????# """"" # #?????# ##??? | | ????????????????#= # #?????#= #??? | | ????????????????# # #?????# ##?? | | ????????????????########### #?# ## ##+## #?? | | ??????????????????# # #?# *! #?? | | ??????????????????# # #?# ##### * = #?? | | ??????????????????# + ########### != #?? | | ??????????????????# # # # #?? | | ??????????????????# # + # #?? | | ??????????????????#######?# # ! +% + | | ??????????????????????????# # # * # | | ??????????????????????????# # # ####%! # | | ??????????????????????????# # # #??#! # | | ??????????????????????????# # # #??# # | | ??????????????????????????# # ! # #??# # | | ??????????????????????????# ########### #??# # | | ??????????????????????????#+#########?# #??# ### | | ??????????????????????????# #?#+#??# / | | ??????????????????????????#! #??????# ## | | ????????????????###########%= " #??????# ## | | ????????????????# #= """ #??????# ## | | ????????????????# ; """ #??????# ## | | ????????????????# @# " #??????# ## | | ????????????????# =# #??????# ### | | ????????????????# # #??????# #?? | | ????????????????# R #########+#??????# #?? | | ????????????????# #????????? #?????# #?? | | ??????????????? ??????????#?????# #?? | | ????????????? h h uw ????????????????# #?? | | ????????????#####+#######;#????????????????#" ??? | | ????????????????????????# #????????????????#%" ??? | | ????????????????????????? ?????????????????#" ??? | | ?????????????????????????#????????????????? ??? | | ???????????????????????????????????????????? ??? | | ?????????????????????????????????????????????????? | | ?????????????????????????????????????????????????? | | ?????????????????????????????????????????????????? | | ?????????????????????????????????????????????????? | | ?????????????????????????????????????????????????? | | ?????????????????????????????????????????????????? | | ?????????????????????????????????????????????????? | | ?????????????????????????????????????????????????? | | ?????????????????????????????????????????????????? | | ?????????????????????????????????????????????????? | | ???????????????????????????????????????????? ## | | ???????????????????????????????????????????? | | ???????????????????????????????????????????? | +----------------------------------------------------+ Best States ------------- Heat Dissipation 90 Energy Generation 65 Energy Capacity 1350 Matter Stores 550 Matter Capacity 550 Sight Range 16 Terrain Scan Density 10 Base Temperature (-) 200 Armor Coverage 1200 Resistance: KI 35 Resistance: TH 35 Resistance: EX 35 Resistance: EM 35 Resistance: I 35 Resistance: S 35 Resistance: P 35 Propulsion Shielding 33 Evasion (%) 44 Targeting Accuracy 8 Target Analysis 8 Core Analysis 10 Recoil Reduction 6 Matter Filtering 30 Energy Filtering 30 Offensive Hacking 20 Item Schematics ----------------- Maneuvering Thrusters | -8/Storage | Hacked Coolant Injector | -8/Storage | Hacked Imp. Core Shielding | -8/Storage | Hacked Gauss Rifle | -8/Storage | Hacked System Guard | -8/Storage | Hacked Lance | -7/Factory | Hacked Med. Treads | -7/Factory | Hacked Nuclear Pulse Array | -7/Factory | Hacked Smartbomb Launcher | -7/Factory | Hacked Power Amplifier | -7/Factory | Hacked HERF Cannon | -6/Factory | Hacked Hvy. Treads | -6/Factory | Hacked Robot Schematics ------------------ O-24 Administrator | -8/Storage | Hacked M-13 Machinist | -8/Storage | Hacked T-07 Excavator | -8/Storage | Hacked G-67 Veteran | -4/Hub_04(d) | Hacked Fabricated ------------ Imp. Core Shielding | x2 | -7/Factory Quantum Rifle | x2 | -6/Factory | Preloaded Med. Treads | x2 | -6/Factory Gauss Rifle | x2 | -1/Access Alien Tech Used ----------------- None Achievements -------------- 10k Club 20k Club 30k Club 5k Club Armchair Analyst Backstab Can't Touch This Denied? Giant Slayer Gunslinger Just What I Needed Knowing Is Half The Battle Let's See Who's Tougher Party Time Preemptive Strike Prolific Hacker Punisher Rockin' Loadout Challenges ------------ None Game ------ Seed ScanWaveCompressor Manual? 0 Play Time 06:50:45 Cumulative 20.2 hours Start 2020.09.18 @ 04:29:09 End 2020.09.19 @ 03:38:24 Sessions 9 Manual Loads 0 Difficulty Explorer Special Mode None Game No. 6 Rogue 0 Adventurer 5 Explorer 1 Win Type - Total 0 Types 0/0/0/0/0/0/0/0/0 Lore% 8 Gallery% 20 Achievement% 21 Wizard Run 0 Options --------- ASCII 0 Keyboard 0 Movement Mouse Keybinds 0 Fullscreen 1 Font 12/Fuzzy Map View 83x54 Tactical HUD 1 Map Filters NONE Filters NONE Steam 1 RUN: 687d9db5-78cc-4b7c-95ee-2339f14e207b